 Dungeon Crawl Stone Soup version 0.32-a0-876-gcfddb08e57 (webtiles) character file.

Game seed: 8911041279077952410

462 Griffin23 the Slasher (level 6, 0/56 HPs)
             Began as a Minotaur Fighter on Apr 1, 2024.
             Was an Elder of Uskayaw.
             Killed from afar by an oklob plant (12 damage)
             ... with a splash of acid
             ... created by the enmity of Fedhas Madash
             ... on level 4 of the Dungeon.
             The game lasted 00:05:11 (3311 turns).

Griffin23 the Slasher (Minotaur Fighter)            Turns: 3311, Time: 00:05:11

Health: 0/56       AC:  4    Str: 23    XL:     6   Next: 79%
Magic:  5/5        EV:  8    Int:  5    God:    Uskayaw [****..]
Gold:   197        SH:  4    Dex:  9    Spells: 5/5 levels left

rFire   . . .        a - +1 long sword
rCold   . . .        c - +0 buckler
rNeg    . . .        b - +0 scale mail
rPois   .            (helmet restricted)
rElec   .            (no cloak)
rCorr   .            D - +0 pair of gloves
SInv    .            (no boots)
Will    .....        (no amulet) Stlth
                     (no ring)
HPRegen 0.29/turn    (no ring)
MPRegen 0.09/turn

%: no passive effects
@: brilliant, corroded
A: horns 2, retaliatory headbutt
a: Renounce Religion, Stomp, Line Pass


You were on level 4 of the Dungeon.
You worshipped Uskayaw.
Uskayaw was noncommittal.
You visited 1 branch of the dungeon, and saw 4 of its levels.

You collected 197 gold pieces.

Inventory:

Hand Weapons
 a - a +1 long sword (weapon)
Missiles
 n - 6 javelins (quivered)
 A - a throwing net
Armour
 b - a +0 scale mail (worn)
 c - a +0 buckler (worn)
 g - a scarf of harm
 x - a scarf of shadows
 D - a +0 pair of gloves (worn)
Jewellery
 r - a ring of ice
Wands
 w - a wand of iceblast (3)
 y - a wand of flame (9)
 B - a wand of digging (3)
Scrolls
 e - a scroll of noise {unknown}
 f - 3 scrolls of teleportation {unknown}
 h - 2 scrolls of poison {unknown}
 i - a scroll of silence {unknown}
 k - 2 scrolls of identify {unknown}
 m - 2 scrolls of enchant weapon
 p - 3 scrolls of fear
 q - 2 scrolls of amnesia {unknown}
 s - a scroll of revelation {unknown}
 t - a scroll of blinking {unknown}
 v - a scroll of immolation {unknown}
Potions
 d - a potion of might
 j - 4 potions of curing
 l - a potion of brilliance
 o - a potion of heal wounds
 u - 2 potions of lignification {unknown}
 z - a potion of mutation {unknown}
 C - a potion of resistance {unknown}
 E - a potion of haste {unknown}


   Skills:
 + Level 5.3 Fighting
 * Level 5.5 Long Blades
 + Level 5.4 Armour
 + Level 5.4 Shields


You had 5 spell levels left.
You didn't know any spells.
Your spell library contained the following spells:

 Spells                   Type           Power      Damage    Failure   Level
 Tukima's Dance           Hex            0%         N/A       99%         3
 Passage of Golubria      Tloc           0%         N/A       100%        4
 Yara's Violent Unravell  Hex/Alch       0%         3d3       100%        5


Dungeon Overview and Level Annotations

Branches:
Dungeon (4/15)
 Temple: D:4-7

Altars:
Elyvilon
Fedhas
Makhleb
Uskayaw

Shops:
D:3 (

Annotations:
D:4 exclusion: 3 oklob plants


Innate Abilities, Weirdness & Mutations

You have a pair of horns on your head.
You reflexively headbutt those who attack you in melee.


Message History

The wandering mushroom releases spores at you!
You are engulfed in a cloud of dizzying spores!
You hit the wandering mushroom.
The wandering mushroom is severely damaged.
You block the wandering mushroom's attack.
You hit the wandering mushroom.
The wandering mushroom is severely damaged.
The wandering mushroom barely misses you.
You hit the wandering mushroom but do no damage.
The wandering mushroom is severely damaged.
The wandering mushroom barely misses you.
You hit the wandering mushroom.
The wandering mushroom is almost destroyed.
The wandering mushroom barely misses you.
You slash the wandering mushroom!
You destroy the wandering mushroom!
That felt strangely unrewarding.
You closely miss the gnoll.
The gnoll hits you but does no damage. x2
You barely miss the gnoll. You block the gnoll's attack.
You hit the gnoll but do no damage. You headbutt the gnoll.
The gnoll is moderately wounded.
You block the gnoll's attack.
You hit the gnoll.
The gnoll is heavily wounded.
The gnoll hits you with a +0 flail.
Uskayaw will force your foes to share their pain.
You slash the gnoll!
You kill the gnoll!
The oklob plant spits acid at you. The splash of acid hits you!
* * * LOW HITPOINT WARNING * * *
The acid corrodes you!
Things that are here:
25 gold pieces; a +0 flail; a +0 club You now have 197 gold pieces (gained 25).
The oklob plant spits acid at you.
Fedhas protects a plant from harm.
The splash of acid hits you!
You die...
Your body falls in perfect tune with the rhythm.

....#
##.##############...####.#
....# #......#
#............# ..###
#......# #.############
..# #......# #.# #.#
#......# #.#
..#####......# #.#
#.#..........# #.#
#.#.###.###..######.#
#.#.# #.# #...).@.#.#
#...# #+# #.#####.#.#
###.###_+...# #.#.#
#.###+###.# #.#.#######
#.# #.# #..>....... #.#
#.. #.P.....### #.. .g.
#.......# ###
g.....'PP.....#
......#.........


You could see 3 oklob plants.

Vanquished Creatures
  Sigmund (D:3)
  An ogre (D:4)
  A bombardier beetle (D:4)
  A wandering mushroom (D:4)
  7 gnolls (D:4)
  6 adders
  2 dart slugs
  An orc (D:3)
  9 bats
  5 endoplasms
  2 giant cockroaches (D:1)
  3 goblins
  3 hobgoblins
  2 jackals (D:3)
  3 quokkas
  7 ball pythons
  3 frilled lizards
  9 kobolds
  5 rats
  A ballistomycete spore (D:4)
72 creatures vanquished.

Vanquished Creatures (others)
  A ballistomycete spore (D:4)
1 creature vanquished.

Grand Total: 73 creatures vanquished

Notes
Turn   | Place    | Note
-------+----------+-------------------------------------------
     0 | D:1      | Griffin23 the Minotaur Fighter began the quest for the Orb.
     0 | D:1      | Reached XP level 1. HP: 19/19 MP: 0/0
   147 | D:1      | Reached XP level 2. HP: 27/27 MP: 1/1
   539 | D:2      | Reached XP level 3. HP: 30/33 MP: 2/2
   755 | D:2      | Found a faded altar of an unknown god.
   767 | D:2      | Prayed at the altar of an unknown god.
   767 | D:2      | Became a worshipper of Fedhas Madash
   767 | D:2      | Reached * piety under Fedhas
   876 | D:2      | Reached XP level 4. HP: 38/39 MP: 3/3
  1477 | D:3      | Found Gozur's Antique Weapon Emporium.
  1500 | D:3      | Noticed Sigmund
  1719 | D:3      | Killed Sigmund
  1720 | D:3      | Reached skill level 5 in Armour
  1720 | D:3      | Reached XP level 5. HP: 10/47 MP: 4/4
  2202 | D:3      | Reached skill level 5 in Fighting
  2202 | D:3      | Reached skill level 5 in Shields
  2202 | D:3      | Reached XP level 6. HP: 56/56 MP: 5/5
  2557 | D:4      | Found a hide-covered altar of Uskayaw.
  2662 | D:4      | Found a burning altar of Makhleb.
  2719 | D:4      | Fell from the grace of Fedhas
  2720 | D:4      | Became a worshipper of Uskayaw the Reveller
  2774 | D:4      | Reached * piety under Uskayaw
  2779 | D:4      | Reached ** piety under Uskayaw
  2780 | D:4      | Reached skill level 5 in Long Blades
  2786 | D:4      | Reached *** piety under Uskayaw
  2791 | D:4      | Reached **** piety under Uskayaw
  3221 | D:4      | Found a white marble altar of Elyvilon.
  3222 | D:4      | Noticed an oklob plant
  3222 | D:4      | Noticed an oklob plant
  3222 | D:4      | Noticed a wandering mushroom
  3222 | D:4      | Noticed an oklob plant
  3222 | D:4      | Noticed a wandering mushroom
  3311 | D:4      | Killed from afar by an oklob plant

Illustrated notes

Levels and vault maps discovered:
D:1:      matt_arrival_diagonals, layout_basic
D:2:      layout_rooms, basic_ecumenical_altar, chequers_serial_rivers_room_b,
          minmay_misc_feat_x, minmay_tromino_i2
D:3:      layout_basic, serial_shops, nicolae_shop_stone, uniq_sigmund
D:4:      layout_basic, lemuel_doored_altar, amcnicky_altar_gilded,
          mainiacjoe_overflow_concentric_impassable

Skill      XL: |  1  2  3  4  5  6 |
---------------+-------------------+-----
Fighting       | 4 5 |  5.3
Armour         | 4 5 |  5.4
Shields        | 4 5 |  5.4
Long Blades    | 3 4 5 |  5.5

Action                     |  1- 3 |  4- 6 || total
---------------------------+-------+-------++-------
  Melee: Long sword        |    92 |   108 ||   200
         Headbutt          |     7 |    17 ||    24
 Invoke: Renounce Religion |       |     1 ||     1
  Evoke: Wand              |       |     1 ||     1
    Use: Scroll            |       |     2 ||     2
         Potion            |       |     4 ||     4
   Stab: Paralysed         |       |     2 ||     2
 Armour: Scale mail        |    76 |    85 ||   161
  Dodge: Dodged            |    43 |    46 ||    89
  Block: Buckler           |    14 |    22 ||    36

Table legend: (Time is in decaauts)
 A = Elapsed time spent in this place.
 B = Non-inter-level travel time spent in this place.
 C = Inter-level travel time spent in this place.
 D = Time resting spent in this place.
 E = Time spent auto-exploring this place.
 F = Levels seen in this place.
 G = Mean time per level.
                   A        B        C        D        E       F      G
               +--------+--------+--------+--------+--------+-----+--------+
         Total |   3362 |   3105 |    257 |    129 |   2376 |   4 |  840.5 |
       Dungeon |   3362 |   3105 |    257 |    129 |   2376 |   4 |  840.5 |
               +--------+--------+--------+--------+--------+-----+--------+

Top non-repeatable levels by time:
     D:3: 1325 daAuts
     D:4: 770 daAuts
     D:2: 727 daAuts
     D:1: 538 daAuts
